 Dungeon Crawl Stone Soup version 0.29-a0-993-g4a18f31a58 (webtiles) character file.

Game seed: 8080437741655929096

0 kae the Trooper (level 1, 0/18 HPs)
             Began as a Demonspawn Monk on Aug 2, 2022.
             Frozen to death by an endoplasm (4 damage)
             ... on level 1 of the Dungeon.
             The game lasted 00:00:06 (36 turns).

kae the Trooper (Demonspawn Monk)                     Turns: 36, Time: 00:00:07

Health: 0/18       AC:  2    Str: 11    XL:     1   Next: 8%
Magic:  1/1        EV: 12    Int: 11    God:
Gold:   0          SH:  0    Dex: 15    Spells: 0/0 levels left

rFire   . . .      SeeInvis .   c - +0 whip
rCold   . . .      Faith    .   (no shield)
rNeg    . . .      Spirit   .   a - +0 robe
rPois   .          Reflect  .   (no helmet)
rElec   .          Harm     .   (no cloak)
rCorr   .          Rampage  .   (no gloves)
Will    .....                   (no boots)
Stlth   ++........              A - amulet of the acrobat
HPRegen 0.06/turn               (no ring)
MPRegen 0.07/turn               (no ring)

@: no status effects
A: no striking features
a: no special abilities


You were on level 1 of the Dungeon.
You visited 1 branch of the dungeon, and saw 1 of its levels.


   Skills:
 - Level 3.0 Fighting
 - Level 2.6 Dodging
 - Level 1.7 Stealth
 + Level 2.7 Unarmed Combat


You couldn't memorise any spells.
You didn't know any spells.
Your spell library was empty.

Inventory:

Hand Weapons
 c - a +0 whip (weapon)
   (You took it off a kobold on level 1 of the Dungeon)
Armour
 a - a +0 robe (worn)
Jewellery
 A - an amulet of the acrobat (around neck)
   (You found it on level 1 of the Dungeon)
Potions
 b - a potion of ambrosia

Dungeon Overview and Level Annotations

Branches:
Dungeon (1/15) Zot: 5963

Altars:

.# ##.### .....
##...##
##.....##
##...>...##
##.........##
##....@J.....#
##......#[.....
##......##
.....
##......## ....
##......## ...
###......## ..
........## #.
###......##
#... ##......##
#....


You could see an endoplasm.


Message History

Lua error: /dgldir/rcfiles/crawl-git/kae.rc:525: unexpected symbol near '#' 🤖 Initializing magus.rc ...
Options error: Bad monster_list_colour key: strict_neutral (~/.crawlrc:5317) Bad channel name for runrest: 'pray:' ✅ Successfully initialized magus.rc [v1.11.3] Welcome, kae the Demonspawn Monk.
It is said that the Orb of Zot exists deep within this dungeon.
Press ? for a list of commands and other information.
Found a glowing jade amulet.
Found a staircase leading out of the dungeon.
A - an amulet of the acrobat A kobold comes into view.
It is wielding a +0 whip.
Found a stone staircase leading down.
A kobold is nearby!
A kobold is nearby!
A kobold is nearby!
You start putting on your amulet.
You continue putting on your amulet of the acrobat. x5
You finish putting on your amulet of the acrobat.
You feel ready to tumble and roll out of harm's way.
A - an amulet of the acrobat (around neck)
You don't know any spells.
The kobold shouts!
The kobold hits you with a +0 whip. 😕 HP[-1]
You take 1 damage, and now have 17/18 hp.
You hit the kobold but do no damage. You hit the kobold but do no damage.
The kobold hits you with a +0 whip. 😕 HP[-2]
You take 2 damage, and now have 15/18 hp.
A kobold is nearby!
You hit the kobold. The kobold hits you with a +0 whip.
You are too injured to fight recklessly! 😮 HP[-4]
You take 4 damage, and now have 11/18 hp.
MASSIVE DAMAGE!! (PAUSE)
You hit the kobold but do no damage.
An endoplasm comes into view.
The kobold hits you but does no damage.
You barely miss the kobold. The kobold closely misses you.
The endoplasm quivers.
You hit the kobold.
You kill the kobold!
Unknown command.
Things that are here:
a +0 whip; a kobold corpse
c - a +0 whip The endoplasm hits you but does no damage.
c - a +0 whip (weapon)
The endoplasm barely misses you.
You hit the endoplasm. The endoplasm freezes you.
You are frozen.
* * * LOW HITPOINT WARNING * * *
😨 HP[-2]
You take 2 damage, and now have 9/18 hp.
You hit the endoplasm but do no damage. The endoplasm freezes you.
You are frozen.
* * * LOW HITPOINT WARNING * * *
😨 HP[-3]
You take 3 damage, and now have 6/18 hp.
You hit the endoplasm. The endoplasm freezes you.
You are frozen.
* * * LOW HITPOINT WARNING * * *
😱 HP[-2]
You take 2 damage, and now have 4/18 hp.
You barely miss the endoplasm. The endoplasm freezes you.
You are frozen.
You die...

Action                   || total
-------------------------++-------
Melee: Unarmed           ||     6
       Whip              ||     4
Armor: Robe              ||     2
Dodge: Dodged            ||     2

Levels and vault maps discovered:
D:1:      dpeg_arrival_central, layout_loops_ring,
          dreamdust_ecumenical_altar_drowned_temple, minmay_indecisive_spiral

Notes
Turn   | Place    | Note
-------+----------+-------------------------------------------
     0 | D:1      | kae the Demonspawn Monk began the quest for the Orb.
     0 | D:1      | Reached XP level 1. HP: 18/18 MP: 1/1
     0 | D:1      | magus.rc [v1.11.3]
    35 | D:1      | HP: 4/18 [frozen (2)]
    36 | D:1      | Frozen to death by an endoplasm

Vanquished Creatures
  A kobold (D:1)
1 creature vanquished.

Table legend:
 A = Non-vault XP
 B = Vault XP
 C = Vault XP percentage of total XP
 D = Non-vault monster count
 E = Vault monster count
 F = Vault count percentage of total count
                 A         B        C        D         E       F
            +---------+---------+-------+---------+---------+-------
      Total |       1 |       0 |   0.0 |       1 |       0 |   0.0
            +---------+---------+-------+---------+---------+-------
        D:1 |       1 |       0 |   0.0 |       1 |       0 |   0.0
            +---------+---------+-------+---------+---------+-------

Illustrated notes

Table legend:
 A = Kills in this place as a percentage of kills in entire the game.
 B = Kills by you in this place as a percentage of kills by you in the entire game.
 C = Kills by friends in this place as a percentage of kills by friends in the entire game.
 D = Other kills in this place as a percentage of other kills in the entire game.
 E = Experience gained in this place as a percentage of experience gained in the entire game.
 F = Experience gained in this place divided by the number of levels of this place that you have seen.
                   A       B       C       D       E      F
               +-------+-------+-------+-------+-------+----------------------
         Total | 100.0 | 100.0 |   N/A |   N/A | 100.0 |   1.0
       Dungeon | 100.0 | 100.0 |   N/A |   N/A | 100.0 |   1.0
               +-------+-------+-------+-------+-------+----------------------

Table legend: (Time is in decaauts)
 A = Elapsed time spent in this place.
 B = Non-inter-level travel time spent in this place.
 C = Inter-level travel time spent in this place.
 D = Time resting spent in this place.
 E = Time spent auto-exploring this place.
 F = Levels seen in this place.
 G = Mean time per level.
                   A        B        C        D        E       F      G
               +--------+--------+--------+--------+--------+-----+--------+
         Total |     35 |     35 |      0 |      0 |     13 |   1 |   35.0 |
       Dungeon |     35 |     35 |      0 |      0 |     13 |   1 |   35.0 |
               +--------+--------+--------+--------+--------+-----+--------+

Top non-repeatable levels by time:
     D:1: 35 daAuts
